 Dungeon Crawl Stone Soup version 0.30-a0-341-g682706514a (webtiles) character file.

Game seed: 16326614915691615162

119 MrRokkomies the Trooper (level 4, 0/40 HPs)
             Began as an Armataur Gladiator on Nov 4, 2022.
             Frozen to death by an endoplasm (5 damage)
             ... on level 3 of the Dungeon.
             The game lasted 00:02:04 (1867 turns).

MrRokkomies the Trooper (Armataur Gladiator)        Turns: 1867, Time: 00:02:09

Health: 0/40       AC:  5    Str: 22    XL:     4   Next: 74%
Magic:  4/4        EV: 10    Int:  8    God:
Gold:   104        SH:  0    Dex: 11    Spells: 3/3 levels left

rFire   . . .      SeeInvis .    a - +0 quarterstaff
rCold   . . .      Faith    .    (shield currently unavailable)
rNeg    . . .      Spirit   .    b - +0 leather armour
rPois   .          Reflect  .    c - +0 helmet
rElec   .          Harm     .    (no cloak)
rCorr   .          Roll     +    (no gloves)
Will    .....                    (no barding)
Stlth   +.........               (no amulet)
HPRegen 0.26/turn                (no ring)
MPRegen 0.09/turn                (no ring)

@: lethally poisoned (0 -> -27), slowed, invisible, very slow
A: large, rugged brown scales 3, deformed body, armoured tail, roll, long
tongue, awkward tongue
a: no special abilities


You were on level 3 of the Dungeon.
You visited 1 branch of the dungeon, and saw 3 of its levels.

You collected 104 gold pieces.

Inventory:

Hand Weapons
 a - a +0 quarterstaff (weapon)
Missiles
 d - 3 throwing nets (quivered)
 e - a javelin
Armour
 b - a +0 leather armour (worn)
 c - a +0 helmet (worn)
Scrolls
 f - a scroll of identify {unknown}
 g - 3 scrolls of vulnerability {unknown}
 j - a scroll of fear {unknown}
 k - a scroll of poison {unknown}
 l - 2 scrolls of immolation {unknown}
Potions
 h - a potion of might {unknown}
 i - a potion of curing {unknown}
 m - a potion of invisibility
 n - 2 potions of haste {unknown}
 o - a potion of flight {unknown}


   Skills:
 * Level 3.4 Fighting
 - Level 2.6 Staves
 - Level 1.7 Throwing
 + Level 2.4 Armour
 + Level 2.8 Dodging


You had 3 spell levels left.
You didn't know any spells.
Your spell library contained the following spells:

 Spells                   Type           Power      Damage    Failure   Level
 Blink                    Tloc           0%         N/A       58%         2
 Momentum Strike          Conj/Tloc      0%         3d8       58%         2
 Lesser Beckoning         Tloc           0%         N/A       83%         3


Dungeon Overview and Level Annotations

Branches:
Dungeon (3/15)

Altars:

Annotations:
D:3 Grinder, Jessica


Innate Abilities, Weirdness & Mutations

You are completely covered in rugged brown scales. (AC +3, +7% HP)
Armour fits poorly on your strangely shaped body.
You have a long armoured tail.
You roll when moving toward enemies. (Rampage)
Your long tongue fully drains potion bottles. (2x potion effects)
Your tongue gives you trouble enunciating. (1.5x scroll delay)


Message History

Jessica casts a spell.
Jessica seems to speed up.
You hit the kobold.
The kobold is moderately wounded.
Jessica gestures wildly while chanting.
Jessica blinks!
The endoplasm freezes you.
You are frozen.
The kobold barely misses you.
Jessica points at you and mumbles some strange words.
You feel yourself slow down.
You closely miss the kobold.
The kobold is moderately wounded.
The endoplasm freezes you.
You are frozen.
The kobold hits you but does no damage. x2
The endoplasm freezes you.
You are frozen.
You sock the kobold!
You kill the kobold!
Jessica hits you with a +0 dagger of venom.
You are poisoned.
Jessica closely misses you. The endoplasm freezes you.
You are frozen.
Jessica hits you but does no damage.
You are more poisoned.
The endoplasm freezes you.
You are frozen.
Unknown command.
You slurp down every last drop of the 2 sedimented grey potions!
It was a potion of invisibility.
You fade into invisibility!
* * * LOW HITPOINT WARNING * * *
You feel very sick.
Jessica hits you with a +0 dagger of venom.
* * * LOW HITPOINT WARNING * * *
You are more poisoned.
Jessica hits you with a +0 dagger of venom.
* * * LOW HITPOINT WARNING * * *
You are more poisoned.
The endoplasm freezes you.
You die...

# #... .# .
#..# #. ##..#
#. #...#
..###...### #
#........#
##..#........#
#.....†)..<..#
....####@#†)###
# ##J@....#
#..)..###
#..#### #...#
?..... ........
........
#######


You could see Jessica (fast, unable to see you) and an endoplasm.

Vanquished Creatures
  A hound (D:2)
  4 adders
  A worm (D:2)
  A dart slug (D:1)
  9 ball pythons
  7 endoplasms
  2 giant cockroaches (D:1)
  2 goblins (D:2)
  3 hobgoblins
  2 quokkas (D:1)
  4 bats
  2 frilled lizards
  6 kobolds
  4 rats (D:1)
48 creatures vanquished.

Notes
Turn   | Place    | Note
-------+----------+-------------------------------------------
     0 | D:1      | MrRokkomies the Armataur Gladiator began the quest for the
                  | Orb.
     0 | D:1      | Reached XP level 1. HP: 18/18 MP: 1/1
    49 | D:1      | Found a faded altar of an unknown god.
    60 | D:1      | Reached skill level 2 in Fighting
    98 | D:1      | Reached XP level 2. HP: 25/25 MP: 2/2
   247 | D:1      | Reached skill level 1 in Armour
   649 | D:1      | Reached XP level 3. HP: 32/32 MP: 3/3
  1132 | D:2      | Reached skill level 3 in Fighting
  1534 | D:2      | Reached XP level 4. HP: 40/40 MP: 4/4
  1742 | D:3      | Noticed Grinder
  1743 | D:3      | Paralysed by Grinder for 3 turns
  1859 | D:3      | Noticed Jessica
  1867 | D:3      | Frozen to death by an endoplasm

Illustrated notes

Levels and vault maps discovered:
D:1:      lightli_arrival_maybe_door_vault, layout_loops_ring,
          chequers_ecumenical_altar_simple_redux
D:2:      layout_loops_corners, kennysheep_generic_room_8
D:3:      layout_rooms, overflow_temple_1_default,
          mainiacjoe_overflow_big_doors, serial_curves, eino_curves_03,
          eino_curves_02, eino_curves_03, eino_curves_02, uniq_jessica,
          uniq_pargi, uniq_sigmund, uniq_grinder

Skill      XL: |  1  2  3  4 |
---------------+-------------+-----
Fighting       | 2 3 |  3.4
Armour         | 1 2 |  2.4
Staves         | |  2.6
Throwing       | |  1.7
Dodging        | |  2.8

Action                   |  1- 3 |  4- 6 || total
-------------------------+-------+-------++-------
Melee: Quarterstaff      |   109 |    26 ||   135
       Tailslap          |    15 |     2 ||    17
  Use: Potion            |       |     1 ||     1
Armor: Leather armour    |    40 |    15 ||    55
Dodge: Dodged            |    52 |    29 ||    81

Table legend: (Time is in decaauts)
 A = Elapsed time spent in this place.
 B = Non-inter-level travel time spent in this place.
 C = Inter-level travel time spent in this place.
 D = Time resting spent in this place.
 E = Time spent auto-exploring this place.
 F = Levels seen in this place.
 G = Mean time per level.
                   A        B        C        D        E       F      G
               +--------+--------+--------+--------+--------+-----+--------+
         Total |   1891 |   1751 |    140 |     89 |   1352 |   3 |  630.3 |
       Dungeon |   1891 |   1751 |    140 |     89 |   1352 |   3 |  630.3 |
               +--------+--------+--------+--------+--------+-----+--------+

Top non-repeatable levels by time:
     D:2: 1030 daAuts
     D:1: 765 daAuts
     D:3: 95 daAuts
